TOP OF THE 1ST |
Provo Mango batting - Pitching for Kennesaw Jets : LHP Phil Hanson
|
Pitching: LHP Phil Hanson
|
|
Batting: RHB Cristián Lima
|
0-0: Ball 1-0: Called Strike 1-1: SINGLE (Groundball, 6MD) (infield hit)
|
Batting: LHB Akihito Nishiyama
|
0-0: Ball 1-0: Called Strike 1-1: Swinging Strike 1-2: Foul Ball, location: 2F 1-2: Ball 2-2: Foul Ball, location: 2F 2-2: Ball 3-2: Strikes out swinging
|
Batting: RHB Santiago Ramos
|
0-0: Ball Cristián Lima is caught stealing 2nd base 1-0: Called Strike 1-1: Foul Ball, location: 2F 1-2: Strikes out swinging
|
Top of the 1st over - 0 run(s), 1 hit(s), 0 error(s), 0 left on base; Provo 0 - Kennesaw 0 |
BOTTOM OF THE 1ST |
Kennesaw Jets batting - Pitching for Provo Mango : LHP Marvin Mangin
|
Pitching: LHP Marvin Mangin
|
|
Batting: RHB Raúl Guerrero
|
0-0: Called Strike 0-1: Foul Ball, location: 2F 0-2: Ball 1-2: Strikes out swinging
|
Batting: RHB Raúl Javier Jr.
|
0-0: Ball 1-0: Ground out 4-3 (Groundball, 4)
|
Batting: RHB José Ramos
|
0-0: Ground out 5-3 (Groundball, 5)
|
Bottom of the 1st over - 0 run(s), 0 hit(s), 0 error(s), 0 left on base; Provo 0 - Kennesaw 0 |
TOP OF THE 2ND |
Provo Mango batting - Pitching for Kennesaw Jets : LHP Phil Hanson
|
Batting: RHB Rubén Campos
|
0-0: Fly out, F8 (Flyball, 8LM)
|
Batting: SHB Kunimichi Chikafuji
|
0-0: Ball 1-0: Foul Ball, location: 2F 1-1: Ball 2-1: Swinging Strike 2-2: Strikes out swinging
|
Batting: RHB Lúcio Sánchez
|
0-0: Foul Ball, location: 2F 0-1: Foul Ball, location: 2F 0-2: Ball 1-2: Ball 2-2: DOUBLE (Flyball, 8LXD)
|
Batting: LHB Armando Villarreal
|
0-0: Ball 1-0: SINGLE (Line Drive, 78S) Lúcio Sánchez to third Runner from 3rd tries for Home, SAFE, no throw or cutoff
|
Batting: RHB Everette Jeffers
|
0-0: Called Strike 0-1: Called Strike Armando Villarreal steals 2nd base 0-2: Foul Ball, location: 2F 0-2: Foul Ball, location: 2F 0-2: SINGLE (Groundball, 6MD) Armando Villarreal to third Runner from 3rd tries for Home, SAFE, no throw or cutoff
|
Batting: RHB John Moss
|
0-0: Called Strike 0-1: Ball Throwing error on steal attempt, E2 Everette Jeffers to third 1-1: Called Strike 1-2: Ball 2-2: Strikes out swinging
|
Top of the 2nd over - 2 run(s), 3 hit(s), 1 error(s), 1 left on base; Provo 2 - Kennesaw 0 |
BOTTOM OF THE 2ND |
Kennesaw Jets batting - Pitching for Provo Mango : LHP Marvin Mangin
|
Batting: RHB Leroy Rijerkerk
|
0-0: Called Strike 0-1: Foul Ball, location: 2F 0-2: Ground out 5-3 (Groundball, 56)
|
Batting: RHB Miguel Angel González
|
0-0: Called Strike 0-1: Foul Ball, location: 2F 0-2: Ground out 5-3 (Groundball, 56S)
|
Batting: LHB Nelson Martínez
|
0-0: Fly out, F8 (Flyball, 8LM)
|
Bottom of the 2nd over - 0 run(s), 0 hit(s), 0 error(s), 0 left on base; Provo 2 - Kennesaw 0 |
TOP OF THE 3RD |
Provo Mango batting - Pitching for Kennesaw Jets : LHP Phil Hanson
|
Batting: RHB Cristián Lima
|
0-0: Ball 1-0: Ground out 5-3 (Groundball, 5L)
|
Batting: LHB Akihito Nishiyama
|
0-0: Swinging Strike 0-1: Swinging Strike 0-2: Strikes out swinging
|
Batting: RHB Santiago Ramos
|
0-0: Ball 1-0: Foul Ball, location: 2F 1-1: Ball 2-1: SINGLE (Flyball, 7M)
|
Batting: RHB Rubén Campos
|
0-0: Called Strike 0-1: Called Strike 0-2: Ball 1-2: Ball 2-2: Foul Ball, location: 2F 2-2: Foul Ball, location: 2F 2-2: Fly out, F7 (Line Drive, 7D)
|
Top of the 3rd over - 0 run(s), 1 hit(s), 0 error(s), 1 left on base; Provo 2 - Kennesaw 0 |
BOTTOM OF THE 3RD |
Kennesaw Jets batting - Pitching for Provo Mango : LHP Marvin Mangin
|
Batting: RHB Carlos Soto
|
0-0: Ball 1-0: Ball 2-0: Called Strike 2-1: Called Strike 2-2: Strikes out swinging
|
Batting: RHB Clarence Therrien
|
0-0: Ball 1-0: Foul Ball, location: 2F 1-1: Swinging Strike 1-2: Ball 2-2: Ball 3-2: Ground out 5-3 (Groundball, 56)
|
Batting: SHB Juan Torres
|
0-0: Called Strike 0-1: Ball 1-1: Ball 2-1: Fly out, F5 (Popup, 56)
|
Bottom of the 3rd over - 0 run(s), 0 hit(s), 0 error(s), 0 left on base; Provo 2 - Kennesaw 0 |
TOP OF THE 4TH |
Provo Mango batting - Pitching for Kennesaw Jets : LHP Phil Hanson
|
Batting: SHB Kunimichi Chikafuji
|
0-0: Called Strike 0-1: Foul Ball, location: 2F 0-2: Strikes out looking
|
Batting: RHB Lúcio Sánchez
|
0-0: Ball 1-0: Ground out 4-3 (Groundball, 34)
|
Batting: LHB Armando Villarreal
|
0-0: Ball 1-0: Called Strike 1-1: Called Strike 1-2: Foul Ball, location: 2F 1-2: Ball 2-2: Foul Ball, location: 2F 2-2: Strikes out swinging
|
Top of the 4th over - 0 run(s), 0 hit(s), 0 error(s), 0 left on base; Provo 2 - Kennesaw 0 |
BOTTOM OF THE 4TH |
Kennesaw Jets batting - Pitching for Provo Mango : LHP Marvin Mangin
|
Batting: RHB Raúl Guerrero
|
0-0: Called Strike 0-1: Foul Ball, location: 2F 0-2: Ground out 1-3 (Groundball, 23)
|
Batting: RHB Raúl Javier Jr.
|
0-0: Ball 1-0: Ball 2-0: Foul Ball, location: 2F 2-1: Called Strike 2-2: Strikes out swinging, 2-3 out at first.
|
Batting: RHB José Ramos
|
0-0: Swinging Strike 0-1: Swinging Strike 0-2: Ball 1-2: SINGLE (Groundball, 56D)
|
Batting: RHB Leroy Rijerkerk
|
0-0: Ball 1-0: Called Strike José Ramos is caught stealing 2nd base
|
Bottom of the 4th over - 0 run(s), 1 hit(s), 0 error(s), 0 left on base; Provo 2 - Kennesaw 0 |
TOP OF THE 5TH |
Provo Mango batting - Pitching for Kennesaw Jets : LHP Phil Hanson
|
Batting: RHB Everette Jeffers
|
0-0: Ball 1-0: Ground out 1-3 (Groundball, 13)
|
Batting: RHB John Moss
|
0-0: Ball 1-0: Called Strike 1-1: Called Strike 1-2: Fly out, F8 (Flyball, 8RM)
|
Batting: RHB Cristián Lima
|
0-0: Ball 1-0: Ground out 6-3 (Groundball, 6M)
|
Top of the 5th over - 0 run(s), 0 hit(s), 0 error(s), 0 left on base; Provo 2 - Kennesaw 0 |
BOTTOM OF THE 5TH |
Kennesaw Jets batting - Pitching for Provo Mango : LHP Marvin Mangin
|
Batting: RHB Leroy Rijerkerk
|
0-0: DOUBLE (Flyball, 78XD)
|
Batting: RHB Miguel Angel González
|
0-0: Ball 1-0: Foul Ball, location: 2F 1-1: Ball 2-1: Ball 3-1: Base on Balls
|
Batting: LHB Nelson Martínez
|
0-0: Bunted foul 0-1: Bunt - Flyout! F1
|
Batting: RHB Carlos Soto
|
0-0: Ball 1-0: SINGLE (Groundball, 4M) Leroy Rijerkerk to third Miguel Angel González to second Runner from 3rd tries for Home, SAFE, throw made home Miguel Angel González to third Carlos Soto to second
|
Batting: RHB Clarence Therrien
|
0-0: Called Strike 0-1: Ball 1-1: Swinging Strike 1-2: Ball 2-2: Strikes out swinging
|
Batting: SHB Juan Torres
|
0-0: Called Strike 0-1: Ball 1-1: Foul Ball, location: 2F 1-2: Ball 2-2: Strikes out looking
|
Bottom of the 5th over - 1 run(s), 2 hit(s), 0 error(s), 2 left on base; Provo 2 - Kennesaw 1 |
TOP OF THE 6TH |
Provo Mango batting - Pitching for Kennesaw Jets : LHP Phil Hanson
|
Batting: LHB Akihito Nishiyama
|
0-0: Ball 1-0: Foul Ball, location: 2F 1-1: Fly out, F8 (Flyball, 8RM)
|
Batting: RHB Santiago Ramos
|
0-0: Ball 1-0: Called Strike 1-1: Ball 2-1: Fly out, F9 (Flyball, 9M)
|
Batting: RHB Rubén Campos
|
0-0: Ground out 4-3 (Groundball, 4)
|
Top of the 6th over - 0 run(s), 0 hit(s), 0 error(s), 0 left on base; Provo 2 - Kennesaw 1 |
BOTTOM OF THE 6TH |
Kennesaw Jets batting - Pitching for Provo Mango : LHP Marvin Mangin
|
Batting: RHB Raúl Guerrero
|
0-0: Called Strike 0-1: Ground out 6-3 (Groundball, 6M)
|
Batting: RHB Raúl Javier Jr.
|
0-0: Foul Ball, location: 2F 0-1: Ball 1-1: Called Strike 1-2: Fly out, F7 (Flyball, 78D)
|
Batting: RHB José Ramos
|
0-0: Ball 1-0: Called Strike 1-1: Ball 2-1: Ground out 6-3 (Groundball, 56)
|
Bottom of the 6th over - 0 run(s), 0 hit(s), 0 error(s), 0 left on base; Provo 2 - Kennesaw 1 |
TOP OF THE 7TH |
Provo Mango batting - Pitching for Kennesaw Jets : LHP Phil Hanson
|
Batting: SHB Kunimichi Chikafuji
|
0-0: Ground out 6-3 (Groundball, 6M)
|
Batting: RHB Lúcio Sánchez
|
0-0: Ball 1-0: Ball 2-0: Ball 3-0: Called Strike 3-1: Base on Balls
|
Batting: LHB Armando Villarreal
|
0-0: Called Strike 0-1: Fielders Choice at 2nd, 4-6 (Groundball, 34)
|
Batting: RHB Everette Jeffers
|
0-0: Swinging Strike 0-1: Swinging Strike 0-2: Strikes out swinging
|
Top of the 7th over - 0 run(s), 0 hit(s), 0 error(s), 1 left on base; Provo 2 - Kennesaw 1 |
BOTTOM OF THE 7TH |
Kennesaw Jets batting - Pitching for Provo Mango : LHP Marvin Mangin
|
Batting: RHB Leroy Rijerkerk
|
0-0: Foul Ball, location: 2F 0-1: Called Strike 0-2: Strikes out swinging
|
Batting: RHB Miguel Angel González
|
0-0: Ground out 6-3 (Groundball, 6)
|
Batting: LHB Nelson Martínez
|
0-0: Ball 1-0: Ball 2-0: SINGLE (Popup, 4MD)
|
Pinch Hitting: RHB Abdul-Fattah bin Najjar
|
0-0: Ball 1-0: Foul Ball, location: 2F 1-1: Fly out, F8 (Flyball, 8RM)
|
Bottom of the 7th over - 0 run(s), 1 hit(s), 0 error(s), 1 left on base; Provo 2 - Kennesaw 1 |
TOP OF THE 8TH |
Provo Mango batting - Pitching for Kennesaw Jets : LHP Phil Hanson
|
Now at C: Abdul-Fattah bin Najjar
|
|
Batting: RHB John Moss
|
0-0: Ball 1-0: Swinging Strike 1-1: Ball 2-1: Foul Ball, location: 2F 2-2: Strikes out swinging
|
Batting: RHB Cristián Lima
|
0-0: Foul Ball, location: 2F 0-1: Swinging Strike 0-2: Strikes out swinging
|
Batting: LHB Akihito Nishiyama
|
0-0: Ball 1-0: Called Strike 1-1: Called Strike 1-2: Foul Ball, location: 2F 1-2: Ball 2-2: Ball 3-2: Foul Ball, location: 2F 3-2: Foul Ball, location: 2F 3-2: Base on Balls
|
Batting: RHB Santiago Ramos
|
0-0: Called Strike 0-1: Ball 1-1: Called Strike Akihito Nishiyama steals 2nd base 1-2: Ball 2-2: Strikes out swinging
|
Top of the 8th over - 0 run(s), 0 hit(s), 0 error(s), 1 left on base; Provo 2 - Kennesaw 1 |
BOTTOM OF THE 8TH |
Kennesaw Jets batting - Pitching for Provo Mango : LHP Marvin Mangin
|
Batting: RHB Clarence Therrien
|
0-0: Swinging Strike 0-1: Ball 1-1: Ball 2-1: SINGLE (Groundball, 34)
|
Pitching: RHP Luis Ramos
|
|
Pinch Hitting: RHB Artie Miller
|
0-0: Bunted foul 0-1: Bunted foul 0-2: Ball 1-2: Foul Ball, location: 2F 1-2: Strikes out swinging
|
Batting: RHB Raúl Guerrero
|
0-0: Foul Ball, location: 2F 0-1: Swinging Strike 0-2: Ball 1-2: Ball 2-2: Foul Ball, location: 2F 2-2: Strikes out looking
|
Batting: RHB Raúl Javier Jr.
|
0-0: Called Strike 0-1: Ball 1-1: Ball 2-1: Called Strike 2-2: Ball 3-2: Foul Ball, location: 2F 3-2: Strikes out swinging
|
Bottom of the 8th over - 0 run(s), 1 hit(s), 0 error(s), 1 left on base; Provo 2 - Kennesaw 1 |
TOP OF THE 9TH |
Provo Mango batting - Pitching for Kennesaw Jets : LHP Phil Hanson
|
Pitching: RHP Will O'Slattery
|
|
Now in RF: Jim Unknown
|
|
Batting: RHB Rubén Campos
|
0-0: Ball 1-0: Ball 2-0: Foul Ball, location: 2F 2-1: Called Strike 2-2: Strikes out swinging
|
Batting: SHB Kunimichi Chikafuji
|
0-0: Called Strike 0-1: Foul Ball, location: 2F 0-2: Foul Ball, location: 2F 0-2: Ball 1-2: DOUBLE (Line Drive, 9LS)
|
Pinch Hitting: LHB Héctor Rivera
|
0-0: Intentional Walk
|
Batting: LHB Armando Villarreal
|
0-0: Ball 1-0: Ball 2-0: Called Strike 2-1: Foul Ball, location: 2F 2-2: Strikes out looking
|
Pinch Hitting: LHB Esteban Trujillo
|
0-0: Ball 1-0: Foul Ball, location: 2F 1-1: Called Strike 1-2: Ball 2-2: Foul Ball, location: 2F 2-2: Ball 3-2: Base on Balls Kunimichi Chikafuji to third Héctor Rivera to second
|
Pinch Hitting: RHB Salvador Noriega
|
0-0: Ball 1-0: Ball 2-0: Ground out 5-3 (Groundball, 5)
|
Top of the 9th over - 0 run(s), 1 hit(s), 0 error(s), 3 left on base; Provo 2 - Kennesaw 1 |
BOTTOM OF THE 9TH |
Kennesaw Jets batting - Pitching for Provo Mango : RHP Luis Ramos
|
Pitching: RHP Odemar Ouweneel
|
|
Now at 1B: Esteban Trujillo
|
|
Now at 2B: Tom Oglander
|
|
Now at 3B: Héctor Rivera
|
|
Batting: RHB José Ramos
|
0-0: Ball 1-0: Ball 2-0: Foul Ball, location: 2F 2-1: Foul Ball, location: 2F 2-2: Foul Ball, location: 2F 2-2: Ball 3-2: Foul Ball, location: 2F 3-2: Ground out 6-3 (Groundball, 6)
|
Batting: RHB Leroy Rijerkerk
|
0-0: Ball 1-0: Ball 2-0: Called Strike 2-1: Foul Ball, location: 2F 2-2: Strikes out swinging
|
Batting: RHB Miguel Angel González
|
0-0: Ball 1-0: Ball 2-0: Called Strike 2-1: Ball 3-1: Foul Ball, location: 2F 3-2: Strikes out swinging
|
Bottom of the 9th over - 0 run(s), 0 hit(s), 0 error(s), 0 left on base; Provo 2 - Kennesaw 1 |
|